 Dungeon Crawl Stone Soup version 0.27.0-65-ge2af304b15 (webtiles) character file.

Game seed: 10767870231174551024

462 Crownlay the Cleaver (level 7, 0/85 HPs)
             Began as a Hill Orc Fighter on Aug 18, 2021.
             Succumbed to a scorpion's poison
             ... on level 4 of the Dungeon.
             The game lasted 00:05:51 (3555 turns).

Crownlay the Cleaver (Hill Orc Fighter)             Turns: 3555, Time: 00:05:52

Health: 0/85       AC: 11    Str: 26 (27) XL:     7   Next: 7%
Magic:  7/7        EV: 10    Int:  6 (8)  God:
Gold:   113        SH:  0    Dex:  9 (10) Spells: 6/6 levels left

rFire    . . .     SeeInvis .   a - +0 war axe
rCold    + . .     Faith    .   (no shield)
rNeg     . . .     Spirit   .   b - +0 scale mail
rPois    .         Reflect  .   n - +0 helmet
rElec    .         Harm     .   (no cloak)
rCorr    .         Rampage  .   (no gloves)
Will     +....                  q - +2 pair of boots
Stlth    ..........             (no amulet)
HPRegen  0.24/turn              s - +6 ring of strength
MPRegen  0.10/turn              (no ring)

@: berserking, lethally poisoned (0 -> -13), very quick
A: cold resistance 1, strong-willed 1
a: no special abilities


You were on level 4 of the Dungeon.
You visited 1 branch of the dungeon, and saw 4 of its levels.

You collected 113 gold pieces.

Inventory:

Hand Weapons
 a - a +0 war axe (weapon)
 p - a +2 hand axe of freezing
Missiles
 r - a curare-tipped dart (quivered)
Armour
 b - a +0 scale mail (worn)
 c - a +0 kite shield
 m - a +0 pair of boots
 n - a +0 helmet (worn)
 q - a +2 pair of boots (worn)
Jewellery
 s - a +6 ring of strength (left hand)
Scrolls
 e - 2 scrolls of teleportation {unknown}
 f - a scroll of enchant armour {unknown}
 g - a scroll of amnesia {unknown}
 i - 4 scrolls of identify {unknown}
 l - a scroll of immolation {unknown}
 u - a scroll of enchant weapon {unknown}
Potions
 d - a potion of might
 j - a potion of curing {unknown}
 t - a potion of heal wounds {unknown}


   Skills:
 - Level 3.6 Fighting
 + Level 9.7 Axes
 - Level 3.2 Armour
 - Level 3.2 Shields


You had 6 spell levels left.
You didn't know any spells.
Your spell library contained the following spells:

 Spells                   Type           Power      Damage    Failure   Level
 Animate Skeleton         Necr           0%         N/A       75%         1
 Apportation              Tloc           0%         N/A       75%         1
 Corona                   Hex            0%         N/A       75%         1
 Freeze                   Ice            0%         1d3       75%         1
 Summon Small Mammal      Summ           0%         N/A       75%         1
 Frozen Ramparts          Ice            0%         1d2       98%         3
 Gell's Gravitas          Tloc           0%         N/A       98%         3
 Lesser Beckoning         Tloc           0%         N/A       98%         3
 Teleport Other           Tloc           0%         N/A       98%         3
 Hailstorm                Conj/Ice       0%         3d3       100%        4


Dungeon Overview and Level Annotations

Branches:
Dungeon (4/15)
 Temple: D:4-7

Altars:
Cheibriados
Kikubaaqudgha
Ru
Sif Muna
Xom
Zin

Shops:
D:3 (


Innate Abilities, Weirdness & Mutations

Your flesh is cold resistant. (rC+)
You are strong-willed. (Will+)


Message History

The scorpion stings you but does no damage.
The iguana hisses menacingly.
A goblin comes into view. It is wielding a +0 dagger.
The goblin shouts!
The scorpion misses you. The goblin barely misses you.
The scorpion stings you but does no damage.
The scorpion stings you but does no damage.
The scorpion stings you.
You are poisoned.
The scorpion poisons you!
You feel sick.
The iguana hisses menacingly.
You feel sick.
You feel sick.
You feel sick.
You feel sick. The scorpion stings you.
* * * LOW HITPOINT WARNING * * *
You are lethally poisoned!
The scorpion poisons you!
* * * LOW HITPOINT WARNING * * *
You feel very sick.
It was a potion of mutation.
You feel extremely strange.
Your toenails lengthen and sharpen.
You feel resistant to cold.
Your talons dull and shrink into feet.
You feel strong-willed.
* * * LOW HITPOINT WARNING * * *
You feel sick. The scorpion closely misses you.
Okay, then.
It was a potion of degeneration.
There was something very wrong with that liquid.
You feel weakened.
You feel dopey.
You feel clumsy.
* * * LOW HITPOINT WARNING * * *
You feel sick. The scorpion stings you.
* * * LOW HITPOINT WARNING * * *
You are more poisoned.
The scorpion poisons you!
It was a potion of berserk rage.
A red film seems to cover your vision as you go berserk!
You feel yourself moving faster!
You feel mighty!
You die...

#........(..#
#######....g.#
#........#..##
#.########g## #.# #.#
#.# #l# ##########.#
#.#
≈≈#........########.#
_≈#.)).^.^......@slg#
≈≈#<##.^_^..#########
###.##.^^^..#
...>##......#
########....# ######


You could see a scorpion, an iguana and a goblin.

Vanquished Creatures
  2 black bears
  2 scorpions
  A howler monkey (D:4)
  A jelly (D:4)
  A gnoll (D:4)
  An adder (D:3)
  An ufetubus (D:3)
  2 adder skeletons
  3 worms
  3 dart slugs
  9 endoplasms
  A giant cockroach (D:2)
  7 goblins
  4 hobgoblins
  5 jackals (D:3)
  A quokka (D:2)
  3 ball pythons
  3 bats
  A frilled lizard (D:1)
  5 kobolds
  9 rats
  A spectral kobold (D:1)
66 creatures vanquished.

Vanquished Creatures (others)
  4 withered plants (D:4)
4 creatures vanquished.

Grand Total: 70 creatures vanquished

Notes
Turn   | Place    | Note
-------+----------+-------------------------------------------
     0 | D:1      | Crownlay the Hill Orc Fighter began the quest for the Orb.
     0 | D:1      | Reached XP level 1. HP: 19/19 MP: 1/1
    23 | D:1      | Reached skill level 3 in Axes
    36 | D:1      | Reached XP level 2. HP: 15/26 MP: 2/2
   199 | D:1      | Found a faded altar of an unknown god.
   398 | D:1      | Reached skill level 4 in Axes
   671 | D:2      | Found a shimmering altar of Xom.
   704 | D:2      | Reached XP level 3. HP: 24/31 MP: 3/3
   894 | D:2      | Reached skill level 5 in Axes
  1766 | D:3      | Reached XP level 4. HP: 36/39 MP: 4/4
  2033 | D:3      | Found Sanyiven's Weapon Emporium.
  2084 | D:3      | Noticed a scorpion
  2096 | D:3      | Killed a scorpion
  2097 | D:3      | Reached skill level 6 in Axes
  2097 | D:3      | Reached XP level 5. HP: 12/45 MP: 5/5
  2515 | D:3      | Found a shimmering blue altar of Sif Muna.
  2605 | D:3      | Noticed a black bear
  2615 | D:3      | Killed a black bear
  2616 | D:3      | Reached skill level 7 in Axes
  2814 | D:3      | Found a glowing silver altar of Zin.
  2814 | D:3      | Noticed an angel
  2984 | D:3      | Found a snail-covered altar of Cheibriados.
  3016 | D:3      | Reached skill level 8 in Axes
  3016 | D:3      | Reached XP level 6. HP: 46/51 MP: 6/6
  3288 | D:4      | Found a sacrificial altar of Ru.
  3396 | D:4      | Found a shimmering altar of Xom.
  3428 | D:4      | Noticed a black bear
  3440 | D:4      | Killed a black bear
  3441 | D:4      | Reached skill level 9 in Axes
  3448 | D:4      | Found an ancient bone altar of Kikubaaqudgha.
  3483 | D:4      | Reached XP level 7. HP: 57/57 MP: 7/7
  3553 | D:4      | Gained mutation: You have sharp toenails. [potion of
                  | mutation]
  3553 | D:4      | Gained mutation: Your flesh is cold resistant. (rC+)
                  | [potion of mutation]
  3553 | D:4      | Lost mutation: You have sharp toenails. [potion of
                  | mutation]
  3553 | D:4      | Gained mutation: You are strong-willed. (Will+) [potion of
                  | mutation]
  3554 | D:4      | HP: 2/57 [scorpion (3)]
  3555 | D:4      | Succumbed to a scorpion's poison

Illustrated notes

Levels and vault maps discovered:
D:1:      amcnicky_arrival_choice, layout_rooms,
          dreamdust_ecumenical_altar_drowned_temple
D:2:      layout_loops_ring, basic_altar, minmay_box_of_dots
D:3:      layout_loops_ring, cheibrodos_worm_habitat, old_standard_altar,
          zin_angel, serial_shops, shop
D:4:      layout_loops_ring, xom_teletrap_fun, kiku_gazebo_garden_becter,
          nicolae_ru_path_of_blood, serial_shops, kennysheep_mini_moat

Skill      XL: |  1  2  3  4  5  6 |
---------------+-------------------+-----
Axes           | 3 4 5 6 8 9 |  9.7
Fighting       | |  3.6
Armour         | |  3.2
Shields        | |  3.2

Action                   |  1- 3 |  4- 6 |  7- 9 || total
-------------------------+-------+-------+-------++-------
Melee: War axe           |   104 |    78 |    15 ||   197
Throw: Dart              |       |     2 |       ||     2
  Use: Potion            |       |       |     3 ||     3
Armor: Scale mail        |    47 |    60 |    12 ||   119
Dodge: Dodged            |    29 |    42 |    10 ||    81
Block: Kite shield       |    26 |       |       ||    26
